 Dungeon Crawl Stone Soup version 0.24.1-14-gf8d2b509d9 (webtiles) character file.

Game seed: 14192138726766229164, levelgen mode: deterministic

311 H0rd4k the Charlatan (level 6, -3/44 HPs)
             Began as a Human Artificer on May 25, 2020.
             Killed from afar by an orc wizard (5 damage)
             ... with a puff of frost
             ... on level 4 of the Dungeon.
             The game lasted 00:04:47 (2449 turns).

H0rd4k the Charlatan (Human Artificer)              Turns: 2449, Time: 00:04:47

Health: -3/44      AC:  3    Str: 15    XL:     6   Next: 70%
Magic:  8/8        EV: 18    Int: 16    God:
Gold:   169        SH:  0    Dex: 18    Spells: 5/5 levels left

rFire    . . .     SeeInvis .   a - +0 short sword
rCold    . . .     Gourm    .   (no shield)
rNeg     . . .     Faith    .   b - +0 leather armour
rPois    .         Spirit   .   (no helmet)
rElec    .         Reflect  .   (no cloak)
rCorr    .         Harm     .   (no gloves)
MR       .....                  (no boots)
Stlth    +++.......             (no amulet)
HPRegen  0.14/turn              (no ring)
MPRegen  0.11/turn              (no ring)

@: brilliant, agile, lethally poisoned (-3 -> -5)
A: no striking features
a: no special abilities


You were on level 4 of the Dungeon.
You were not hungry.

You visited 1 branch of the dungeon, and saw 4 of its levels.

You collected 169 gold pieces.

Inventory:

Hand Weapons
 a - a +0 short sword (weapon)
Missiles
 g - 25 poisoned darts (quivered)
 l - 8 javelins
Armour
 b - a +0 leather armour (worn)
Jewellery
 u - an uncursed ring of see invisible {unknown}
Wands
 c - a wand of flame (13)
 d - a wand of enslavement (7)
 e - a wand of random effects (8)
 q - a wand of polymorph (4)
Scrolls
 h - 3 scrolls of teleportation {unknown}
 j - a scroll of enchant armour {unknown}
 m - 2 scrolls of identify {unknown}
 n - a scroll of enchant weapon {unknown}
 w - 2 scrolls of random uselessness {unknown}
 x - a scroll of remove curse {unknown}
Potions
 i - 2 potions of agility
 k - a potion of brilliance
 o - a potion of haste {unknown}
 p - a potion of curing {unknown}
 r - a potion of flight {unknown}
 s - a potion of berserk rage {unknown}
 t - 2 potions of ambrosia {unknown}
 v - 2 potions of cancellation {unknown}
Comestibles
 f - 4 rations


   Skills:
 + Level 2.1 Fighting
 + Level 3.1 Short Blades
 + Level 1.1 Throwing
 + Level 2.6 Armour
 + Level 3.2 Dodging
 + Level 1.5 Stealth
 + Level 3.9 Evocations


You had 5 spell levels left.
You didn't know any spells.
Your spell library was empty.

Dungeon Overview and Level Annotations

Branches:
Dungeon (4/15)
 Temple: D:4-7

Altars:
Dithmenos
Nemelex Xobeh
Qazlal
Sif Muna

Annotations:
D:1 exclusion: downstairs
D:2 exclusion: downstairs
D:3 Grinder


Message History

Your scorpion stings the ogre!
The ogre dies!
Your Short Blades skill increases to level 3!
Your scorpion looks stronger.
Evoke which item? (* to show all) (? for menu, Esc to quit)
Aiming: Enslavement
Press: ? - help, Shift-Dir - straight line, f - orc wizard, p - scorpion
Aim: an orc wizard, wielding a +0 dagger and wearing a +0 robe (heavily wounded, chance to defeat MR: 57%)
The orc wizard resists with significant effort.
The orc wizard closely misses you.
Evoke which item? (* to show all) (? for menu, Esc to quit)
Okay, then.
It was a potion of agility.
You feel agile all of a sudden.
The orc wizard hits you but does no damage.
It was a potion of brilliance.
You feel clever all of a sudden.
The orc wizard gestures at you while chanting.
The puff of frost hits you.
You die...

#....#.......##.#####.#
######.#######........#
#.# #........# #.#
#.......## ########.#
##.###### #<.......#
#).#
#####.############.#
#.# #...s.#....# #.#
##†##@##o### #.#
#.##o##.## #.. #.
#..#..# ##. #.##.##.##
. ..#..#..# .##.##.##.#
h##(##.## #.....#
#######


You could see an orc wizard and a friendly scorpion (wandering).

Vanquished Creatures
  Sigmund (D:2)
  4 adders (D:2)
  2 dart slugs
  2 leopard geckos (D:1)
  An orc (D:4)
  A ball python (D:1)
  7 bats
  2 giant cockroaches (D:2)
  5 goblins
  7 hobgoblins
  6 jackals
  4 kobolds
  2 frilled lizards
  7 rats
51 creatures vanquished.

Vanquished Creatures (collateral kills)
  An ogre (D:4)
  An orc (D:4)
  A quokka (D:2)
3 creatures vanquished.

Vanquished Creatures (others)
  An orc wizard (D:4)
  A worker ant (D:4)
2 creatures vanquished.

Grand Total: 56 creatures vanquished

Notes
Turn   | Place    | Note
-------+----------+-------------------------------------------
     0 | D:1      | H0rd4k the Human Artificer began the quest for the Orb.
     0 | D:1      | Reached XP level 1. HP: 15/15 MP: 3/3
   146 | D:1      | Reached XP level 2. HP: 15/21 MP: 4/4
   487 | D:1      | Reached XP level 3. HP: 26/26 MP: 5/5
   721 | D:1      | Reached skill level 1 in Armour
   966 | D:2      | Found a stormy altar of Qazlal.
  1068 | D:2      | Reached XP level 4. HP: 29/32 MP: 6/6
  1120 | D:2      | Noticed Sigmund
  1442 | D:2      | Killed Sigmund
  1442 | D:2      | Reached skill level 1 in Throwing
  1442 | D:2      | Reached XP level 5. HP: 34/38 MP: 7/7
  1442 | D:2      | Reached XP level 6. HP: 39/44 MP: 8/8
  1656 | D:2      | Found a shimmering blue altar of Sif Muna.
  1917 | D:3      | Noticed Grinder
  2282 | D:4      | Found a sparkling altar of Nemelex Xobeh.
  2349 | D:4      | Found a shadowy altar of Dithmenos.
  2435 | D:4      | Noticed an ogre
  2446 | D:4      | HP: 1/44 [ogre/+0 giant club (18)]
  2446 | D:4      | Killed an ogre
  2449 | D:4      | Killed from afar by an orc wizard

Levels and vault maps discovered:
D:1:      elethiomel_arrival_diamonds, layout_rooms
D:2:      layout_loops_corners, lemuel_blue_sif_altar, grunt_qazlal_clouds,
          hangedman_abyss_or_decor_stabs, uniq_sigmund
D:3:      wander_river, layout_basic, nicolae_overflow_crystal_walls,
          first_ration, gammafunk_ghost_cemetery, uniq_grinder
D:4:      minmay_angry_zag, layout_basic, lemuel_crystal_altar,
          nemelex_xobeh_ov_fountains_minmay, nicolae_overflow_hidden_temple,
          nicolae_dithmenos_through_a_glass_darkly, serial_shops, shop

Skill      XL: |  1  2  3  4  5  6 |
---------------+-------------------+-----
Armour         | 1 2 |  2.6
Short Blades   | 2 3 |  3.1
Throwing       | 1 |  1.1
Dodging        | 3 |  3.2
Fighting       | 2 |  2.1
Stealth        | |  1.5
Evocations     | |  3.9

Action                   |  1- 3 |  4- 6 || total
-------------------------+-------+-------++-------
Melee: Short sword       |   140 |    91 ||   231
Throw: Dart              |     3 |     9 ||    12
Evoke: Wand              |     1 |    16 ||    17
  Use: Potion            |       |     2 ||     2
 Stab: Sleeping          |     1 |     1 ||     2
  Eat: Chunk             |       |     5 ||     5
Armor: Leather armour    |    43 |    26 ||    69
Dodge: Dodged            |    79 |    70 ||   149
